AoeStats
← RW

Black Forest

503246296Analyzed
3v3 RM · 1mo ago on Aug 30, 2026· 58m 20s· 6 players
Game mode
Random Map
Map size
Normal (6 player)
Population
200
Speed
Normal
Resources
Standard
Victory
Conquest
Starting age
Dark Age
Ending age
Imperial Age
RankedLock teamsTeams togetherTeam positionsShared explorationLock speedFull tech treeHidden civsTurbo modeCheats
Victory
Defeat
🇨🇱 Byzantines · Chile
839
+17
🇹🇷 Persians · Türkiye
815
+18
🇵🇱 Celts · Poland
814
+18
🇺🇸 Burgundians · United States
993
-23
🇺🇸 Franks · United States
866
-18
🇺🇸 Huns · United States
740
-12
anibaltobar
3:33 Loom
14:15 Feudal Age
16:34 Double-Bit Axe
21:25 Castle Age
19:39 Gold Mining
20:53 Horse Collar
23:41 Bow Saw
26:10 Wheelbarrow
26:37 Heavy Plow
29:49 Imperial Age
27:59 Elite Skirmisher
28:15 Light Cavalry
29:51 Hand Cart
29:59 Husbandry
30:12 Forging
30:05 Scale Mail Armor
29:29 Pikeman
30:09 Squires
29:58 Treadmill Crane
30:29 Stone Mining
32:13 Chemistry
32:17 Fortified Wall
33:05 Crop Rotation
35:02 Conscription
34:39 Halberdier
35:56 Iron Casting
35:36 Chain Mail Armor
36:52 Chain Mail Armor
36:27 Arson
36:50 Onager
39:08 Hoardings
41:32 Plate Mail Armor
47:50 Fletching
48:00 Padded Archer Armor
48:06 Scale Barding Armor
47:23 Crossbowman
48:09 Thumb Ring
52:22 Caravan
54:41 Gold Shaft Mining
54:43 Stone Shaft Mining
58:02 Bodkin Arrow
58:22 Leather Archer Armor
58:28 Chain Barding Armor
57:35 Spies/Treason
ZupaOgorkowa
0:38 Loom
13:32 Feudal Age
15:32 Wheelbarrow
14:42 Town Watch
14:46 Double-Bit Axe
25:55 Castle Age
24:02 Gold Mining
24:03 Stone Mining
25:34 Horse Collar
26:54 Bow Saw
27:22 Stone Shaft Mining
29:37 Gold Shaft Mining
33:22 Hand Cart
33:22 Fishing Lines
39:19 Gillnets
39:56 Heavy Plow
40:05 Murder Holes
44:03 Imperial Age
41:45 Town Patrol
42:07 Masonry
42:35 Ballistics
42:41 Forging
42:31 Scale Mail Armor
42:37 Scale Barding Armor
43:03 Caravan
42:45 Pikeman
43:40 Stronghold
45:24 Hoardings
45:45 Heavy Scorpion
49:05 Chain Mail Armor
49:25 Iron Casting
49:50 Conscription
50:28 Furor Celtica
51:20 Husbandry
50:40 Light Cavalry
51:56 Siege Engineers
51:32 Treadmill Crane
51:29 Halberdier
54:39 Elite Woad Raider
Morias1stt
0:49 Loom
13:14 Feudal Age
13:37 Double-Bit Axe
13:38 Horse Collar
20:20 Castle Age
18:48 Stone Mining
18:53 Gold Mining
21:59 Bow Saw
31:41 Imperial Age
29:48 Wheelbarrow
28:59 Town Watch
30:44 Hand Cart
30:51 Kamandaran
32:03 Gold Shaft Mining
31:34 Heavy Plow
31:28 Fishing Lines
31:59 Padded Archer Armor
31:49 Fletching
32:32 Caravan
33:55 Chemistry
33:26 Conscription
33:13 Gillnets
34:43 Elite War Elephant
34:47 Light Cavalry
35:37 Bloodlines
35:28 Husbandry
35:46 Leather Archer Armor
35:42 Forging
35:39 Scale Barding Armor
35:30 Bodkin Arrow
35:57 Crossbowman
37:29 Thumb Ring
37:56 Ring Archer Armor
38:02 Iron Casting
40:20 Chain Barding Armor
42:47 Blast Furnace
42:26 Crop Rotation
43:13 Hussar
47:32 Citadels
51:13 Town Patrol
58:09 Spies/Treason
Nutpunch_billy19
4:52 Loom
24:34 Feudal Age
26:34 Man-at-Arms
27:35 Bloodlines
29:19 Wheelbarrow
28:30 Town Watch
33:25 Horse Collar
41:06 Castle Age
41:49 Elite Skirmisher
41:50 Crossbowman
55:39 Double-Bit Axe
Kodstah
5:06 Loom
13:02 Feudal Age
17:38 Castle Age
16:08 Double-Bit Axe
20:51 Wheelbarrow
25:42 Scale Barding Armor
26:28 Bow Saw
26:11 Stone Mining
26:52 Caravan
27:45 Gold Mining
30:27 Forging
33:04 Imperial Age
33:00 Husbandry
33:37 Hand Cart
33:59 Forging
34:11 Chain Barding Armor
34:55 Gold Shaft Mining
34:21 Cavalier
35:42 Masonry
37:10 Chemistry
35:50 Pikeman
39:13 Ballistics
42:53 Plate Barding Armor
42:58 Fortified Wall
43:49 Chivalry
44:54 Halberdier
45:36 Squires
46:35 Iron Casting
48:18 Blast Furnace
47:11 Gambesons
53:07 Hoardings
52:39 Scale Mail Armor
52:24 Paladin
53:25 Heavy Scorpion
54:14 Murder Holes
RW
0:35 Loom
10:22 Double-Bit Axe
14:02 Feudal Age
16:07 Fletching
16:08 Horse Collar
16:24 Town Watch
21:35 Bow Saw
25:30 Castle Age
23:35 Fishing Lines
24:36 Gold Mining
24:39 Stone Mining
25:05 Heavy Plow
25:45 Wheelbarrow
29:37 Husbandry
30:18 Fervor
32:13 Crop Rotation
32:19 Gold Shaft Mining
33:04 Hand Cart
33:14 Scale Barding Armor
33:05 Bodkin Arrow
33:22 Forging
41:30 Imperial Age
41:22 Iron Casting
41:07 Chain Barding Armor
41:10 Burgundian Vineyards
41:46 Ballistics
41:22 Murder Holes
41:37 Masonry
41:39 Fortified Wall
43:14 Chemistry
43:24 Conscription
43:54 Elite Coustillier
45:58 Blast Furnace
45:34 Plate Barding Armor
47:34 Architecture
46:32 Cavalier
48:27 Fortified Wall
47:59 Treadmill Crane
47:45 Paladin
48:51 Caravan
Connection lost

Rejoining the realm…

Still unreachable

The connection could not be restored.

Session expired

The server has moved on; the page needs a fresh start.